 Dungeon Crawl Stone Soup version 0.29-a0-298-g3c90f9a769 (webtiles) character file.

Game seed: 16361104187577438858

5495 sfbr the Basher (level 10, -6/95 HPs)
             Began as a Minotaur Berserker on Mar 23, 2022.
             Was an Elder of Trog.
             Mangled by Urug
             ... wielding a +5 great sword
              (27 damage)
             ... on level 10 of the Dungeon.
             The game lasted 00:38:05 (12989 turns).

sfbr the Basher (Minotaur Berserker)               Turns: 12989, Time: 00:38:06

Health: -6/95      AC:  5    Str: 32    XL:     10   Next: 42%
Magic:  9/9        EV: 14    Int:  4    God:    Trog [****..]
Gold:   258        SH:  0    Dex: 17    Spells: 9/9 levels left

rFire   . . .      SeeInvis +   t - +6 flail of Tortfeasance {vorpal, *Rage rElec SInv}
rCold   . . .      Faith    .   (no shield)
rNeg    . . .      Spirit   .   b - +0 animal skin
rPois   .          Reflect  .   (helmet restricted)
rElec   +          Harm     +   I - scarf {harm}
rCorr   +          Rampage  .   h - +0 pair of gloves
Will    .....      Rage     20% o - +0 pair of boots
Stlth   ++........              K - amulet of regeneration
HPRegen 1.05/turn               l - +6 ring of strength
MPRegen 0.11/turn               J - ring of the Catamount {rCorr Dex+7}

@: on berserk cooldown, slowed, very slow
A: horns 2, retaliatory headbutt
a: Renounce Religion, Berserk, Trog's Hand, Brothers in Arms


You were on level 10 of the Dungeon.
You worshipped Trog.
Trog was greatly pleased with you.
You visited 3 branches of the dungeon, and saw 13 of its levels.

You collected 708 gold pieces.
You spent 450 gold pieces at shops.

Inventory:

Hand Weapons
 a - a +0 mace
 p - a +0 flail
 t - the +6 flail of Tortfeasance (weapon) {vorpal, *Rage rElec SInv}
   (You found it on level 4 of the Dungeon)

   It inflicts extra damage upon your enemies.
   rElec:     It insulates you from electricity.
   SInv:      It lets you see invisible.
   *Rage:     It berserks you when you make melee attacks (+20% chance).
 x - the +6 mace of Disharmony {pain, rElec rF+ Int-3}
   (You found it on level 5 of the Dungeon)

   In the hands of one skilled in necromantic magic, it inflicts extra damage on
   living creatures.
   Int:       It affects your intelligence (-3).
   rF:        It protects you from fire.
   rElec:     It insulates you from electricity.
   Trog disapproves of the use of such an item.
 G - a +2 vorpal flail
Armour
 b - a +0 animal skin (worn)
 h - a +0 pair of gloves (worn)
 o - a +0 pair of boots (worn)
 D - a +2 leather armour of positive energy
 I - a scarf of harm (worn)
Jewellery
 l - a +6 ring of strength (left hand)
 w - a ring of resist corrosion
 A - a ring of resist corrosion
 J - the ring of the Catamount (right hand) {rCorr Dex+7}
   (You found it on level 8 of the Dungeon)

   [ring of resist corrosion]

   Dex:       It affects your dexterity (+7).
   rCorr:     It protects you from acid and corrosion.
 K - an amulet of regeneration (around neck)
 L - a ring of poison resistance
Wands
 s - a wand of paralysis (19)
 E - a wand of flame (13)
Scrolls
 e - 2 scrolls of vulnerability
 g - 3 scrolls of fog
 i - 2 scrolls of enchant weapon
 k - a scroll of immolation {unknown}
 m - 3 scrolls of blinking
 n - a scroll of noise {unknown}
 q - a scroll of teleportation
 y - a scroll of amnesia {unknown}
 H - a scroll of enchant armour {unknown}
Potions
 c - 2 potions of attraction
 d - 2 potions of might {unknown}
 f - a potion of brilliance {unknown}
 j - a potion of lignification {unknown}
 r - 2 potions of heal wounds
 u - a potion of invisibility {unknown}
 v - a potion of resistance {unknown}
 z - a potion of flight {unknown}
 B - 2 potions of haste {unknown}
 C - 2 potions of curing
 F - a potion of mutation {unknown}


   Skills:
 + Level 11.1 Fighting
 - Level 14.0 Maces & Flails
 * Level 5.5 Armour
 * Level 5.1 Dodging


You had 9 spell levels left.
You didn't know any spells.
Your spell library was empty.

Dungeon Overview and Level Annotations

Branches:
Dungeon (10/15)            Temple (1/1) D:6             Orc (2/2) D:9
   Lair: D:8-11         Elf: Orc:2

Altars:
Ashenzari
Cheibriados
Dithmenos
Elyvilon
Fedhas
Gozag
Hepliaklqana
Kikubaaqudgha
Makhleb
Nemelex Xobeh
Okawaru
Qazlal
Ru
Sif Muna
Trog
Uskayaw
Vehumet
Wu Jian
Xom
Yredelemnul
Zin
The Shining One
Beogh

Shops:
D:8 *   Orc:2 ([?

Annotations:
D:9 exclusion: door
D:10 Urug
Orc:1 Fannar


Innate Abilities, Weirdness & Mutations

You have a pair of horns on your head.
You reflexively headbutt those who attack you in melee.


Message History

HP restored.
Found a stone staircase leading down.
Found a leather armour.
A centaur is nearby!
The centaur wields a +0 shortbow.
The centaur shoots an arrow.
The arrow hits you.
The centaur shoots an arrow.
The arrow barely misses you.
The centaur shoots an arrow.
The arrow hits you.
The centaur shoots an arrow.
The arrow barely misses you.
The centaur shoots an arrow.
The arrow hits you!
The centaur shoots an arrow.
The arrow hits you!
Urug shouts!
The centaur unwields a +0 shortbow.
The centaur hits you.
The centaur kicks you but does no damage.
The centaur hits you. The centaur closely misses you.
You hit the centaur.
The centaur is heavily wounded.
The centaur barely misses you. The centaur kicks you. The centaur misses you.
The centaur kicks you.
You hit the centaur.
The centaur is heavily wounded.
The centaur hits you.
The centaur kicks you but does no damage.
Urug roars.
The centaur misses you.
The centaur kicks you but does no damage.
Okay, then.
Unknown command.
You feel much better. The centaur hits you. The centaur closely misses you.
The centaur hits you.
The centaur kicks you but does no damage.
Your polar bear goes berserk!
The centaur hits you. The centaur kicks you. The centaur barely misses you.
You furiously retaliate!
You headbutt the centaur. The centaur kicks you.
You fail to use your ability.
The centaur hits you. The centaur closely misses you.
Urug hits you with a +5 great sword! The centaur hits you.
The centaur closely misses you. Urug hits you with a +5 great sword!!
* * * LOW HITPOINT WARNING * * *
Urug attacks as you move away! Urug hits you with a +5 great sword!!
You die...

.......##########
.......(..........
..$.................
...!.....?......!....
...[.?.....<.........
........(...[.<......
....!......)...^.....
[>(.....:.oc..?....?.
#....[..h@##########
#.........#
#...?.....#
#......†..#
#.........#
#.........#
#...$.....#
#........[#
#.........#


You could see Urug, a centaur (ally target) and a friendly polar bear (summoned,
berserk).

Vanquished Creatures
  A two-headed ogre (D:10)
  A gargoyle (D:6)
  A troll (D:10)
  A hornet (D:9)
  Grinder (D:5)
  A shadow (D:10)
  2 wyverns (D:9)
  A steam dragon (D:4)
  Menkaure (D:5)
  A water moccasin (D:7)
  6 orc warriors
  3 sky beasts
  6 centaurs
  2 phantoms
  A necrophage (D:7)
  2 bullfrogs
  4 scorpions
  3 wights (D:7)
  A howler monkey (D:5)
  3 hounds
  2 jellies
  A gnoll shaman (D:7)
  4 orc priests
  3 iguanas
  8 orc wizards
  9 adders
  18 gnolls
  2 white imps
  A dart slug (D:1)
  A worm (D:3)
  51 orcs
  4 ball pythons
  8 endoplasms
  3 giant cockroaches
  39 goblins
  34 hobgoblins
  3 quokkas
  3 bats
  5 frilled lizards
  6 kobolds
  4 rats
251 creatures vanquished.

Vanquished Creatures (collateral kills)
  An orc priest (Orc:2)
  An orc wizard (Orc:2)
2 creatures vanquished.

Vanquished Creatures (others)
  A bush (D:5)
  9 plants (D:5)
10 creatures vanquished.

Grand Total: 263 creatures vanquished

Notes
Turn   | Place    | Note
-------+----------+-------------------------------------------
     0 | D:1      | sfbr the Minotaur Berserker began the quest for the Orb.
     0 | D:1      | Reached XP level 1. HP: 19/19 MP: 0/0
   125 | D:1      | Reached skill level 4 in Maces & Flails
   165 | D:1      | Reached XP level 2. HP: 27/27 MP: 1/1
   555 | D:1      | Found a faded altar of an unknown god.
   719 | D:2      | Reached XP level 3. HP: 32/33 MP: 2/2
   747 | D:2      | Reached ** piety under Trog
  1216 | D:2      | Reached skill level 5 in Maces & Flails
  1408 | D:2      | Reached XP level 4. HP: 41/41 MP: 3/3
  2239 | D:3      | Noticed a sky beast
  2249 | D:3      | Killed a sky beast
  2250 | D:3      | Reached skill level 5 in Fighting
  2250 | D:3      | Reached skill level 6 in Maces & Flails
  2250 | D:3      | Reached XP level 5. HP: 30/48 MP: 4/4
  2482 | D:3      | Found a faded altar of an unknown god.
  2485 | D:3      | Found a shadowy altar of Dithmenos.
  3148 | D:4      | Identified the +6 flail of Tortfeasance {vorpal, *Rage
                  | rElec SInv}
  3407 | D:4      | Reached *** piety under Trog
  3648 | D:4      | Reached skill level 7 in Maces & Flails
  3648 | D:4      | Reached XP level 6. HP: 55/56 MP: 5/5
  4173 | D:4      | Reached **** piety under Trog
  4718 | D:4      | Noticed a steam dragon
  4805 | D:4      | Killed a steam dragon
  4806 | D:4      | Reached skill level 8 in Maces & Flails
  4806 | D:4      | Reached XP level 7. HP: 63/63 MP: 6/6
  5123 | D:5      | Entered Level 5 of the Dungeon
  5260 | D:5      | Noticed Grinder
  5268 | D:5      | Killed Grinder
  5269 | D:5      | Reached skill level 9 in Maces & Flails
  6148 | D:5      | Identified the +6 mace of Disharmony {pain, rElec rF+
                  | Int-3}
  6294 | D:5      | Reached XP level 8. HP: 73/73 MP: 7/7
  6375 | D:5      | Noticed Menkaure
  6377 | D:5      | Reached skill level 10 in Maces & Flails
  6393 | D:5      | Killed Menkaure
  7392 | D:6      | Noticed a gargoyle
  7400 | D:6      | Killed a gargoyle
  7401 | D:6      | Reached skill level 11 in Maces & Flails
  7945 | D:6      | Reached XP level 9. HP: 24/82 MP: 8/8
  8393 | D:6      | Reached skill level 12 in Maces & Flails
  8612 | D:6      | Found a staircase to the Ecumenical Temple.
  8621 | Temple   | Entered the Ecumenical Temple
  9622 | D:7      | Reached skill level 13 in Maces & Flails
  9815 | D:7      | Reached skill level 10 in Fighting
 10329 | D:8      | Identified the ring of the Catamount {rCorr Dex+7}
 10401 | D:8      | Found Lenebras's Neck Hole.
 10410 | D:8      | Bought an amulet of regeneration for 450 gold pieces
 10925 | D:8      | Reached skill level 14 in Maces & Flails
 11764 | D:9      | Found a staircase to the Orcish Mines.
 11775 | D:9      | Reached XP level 10. HP: 94/94 MP: 9/9
 11950 | Orc:1    | Entered Level 1 of the Orcish Mines
 11950 | Orc:1    | You fall into a shaft and drop 1 floor!
 11950 | Orc:2    | Entered Level 2 of the Orcish Mines
 11950 | Orc:2    | Noticed an orc knight
 11950 | Orc:2    | Noticed an orc high priest
 11950 | Orc:2    | Noticed an orc knight
 11950 | Orc:2    | Noticed an orc high priest
 11950 | Orc:2    | Noticed an orc knight
 11950 | Orc:2    | Noticed an orc sorcerer
 11950 | Orc:2    | Noticed an orc sorcerer
 11952 | Orc:2    | Found Cuarphaj's Magic Scroll Boutique.
 11956 | Orc:2    | Found Uqomp's Antique Armour Boutique.
 11956 | Orc:2    | Found Keest's Weapon Emporium.
 11956 | Orc:2    | Noticed an orc high priest
 11957 | Orc:2    | Noticed an orc knight
 11958 | Orc:2    | Noticed an orc sorcerer
 11971 | Orc:1    | Noticed Fannar
 12468 | D:9      | Noticed a seven-headed hydra
 12947 | D:10     | Entered Level 10 of the Dungeon
 12947 | D:10     | Noticed Urug
 12958 | D:10     | Noticed a two-headed ogre
 12965 | D:10     | Killed a two-headed ogre
 12966 | D:10     | Reached skill level 5 in Armour
 12974 | D:10     | Reached skill level 5 in Dodging
 12989 | D:10     | Mangled by Urug

Illustrated notes

Levels and vault maps discovered:
D:1:      dpeg_arrival_rooms_with_view, layout_loops_ring,
          chequers_ecumenical_altar_island
D:2:      layout_basic
D:3:      layout_basic, nicolae_overflow_ecumenical_swirl,
          minmay_goblin_kobold_house
D:4:      minmay_goblin_kobold_castle, layout_gridville
D:5:      layout_basic, kb_lookout_dungeons_type, serial_bayou_ford_a,
          hangedman_decor_lopped, uniq_grinder, uniq_menkaure
D:6:      layout_loops_cross, minmay_temple_entry_nine_rooms,
          kennysheep_generic_room_11
D:7:      layout_rooms
D:8:      layout_loops_ring, dreamdust_deal_with_the_devil,
          nicolae_shop_sticking_my_neck_out
D:9:      layout_irregular_city, david_orc_5
D:10:     layout_cross, lair_entry_dummy, uniq_urug, uniq_maggie
Temple:   mainiacjoe_temple_starburst
Orc:1:    layout_diamond_mine, nicolae_shop_firing_range, uniq_fannar
Orc:2:    st_orc_elflike, layout_caves, basic_altar, special_room,
          guppyfry_orc_lava_fort

Skill      XL: |  1  2  3  4  5  6  7  8  9 10 |
---------------+-------------------------------+-----
Maces & Flails | 4 5 6 7 8 9 11 14 | 14.0
Fighting       | 4 5 6 7 8 10 11 | 11.1
Armour         | 3 5 |  5.5
Dodging        | 5 |  5.1

Action                   |  1- 3 |  4- 6 |  7- 9 | 10-12 || total
-------------------------+-------+-------+-------+-------++-------
Melee: Mace              |    67 |    26 |       |       ||    93
       Headbutt          |     8 |    15 |    30 |     4 ||    57
       Flail             |       |   112 |   157 |    42 ||   311
       Punch             |       |       |     1 |     1 ||     2
Invok: Berserk           |       |     3 |     5 |     1 ||     9
       Trog's Hand       |       |       |     3 |       ||     3
       Brothers in Arms  |       |       |       |     2 ||     2
  Use: Scroll            |       |     2 |     8 |     4 ||    14
       Potion            |       |       |       |     2 ||     2
 Stab: Sleeping          |       |     1 |     1 |       ||     2
Armor: Animal skin       |    12 |    34 |    14 |     9 ||    69
Dodge: Dodged            |    44 |    99 |    81 |    34 ||   258

Table legend: (Time is in decaauts)
 A = Elapsed time spent in this place.
 B = Non-inter-level travel time spent in this place.
 C = Inter-level travel time spent in this place.
 D = Time resting spent in this place.
 E = Time spent auto-exploring this place.
 F = Levels seen in this place.
 G = Mean time per level.
                   A        B        C        D        E       F      G
               +--------+--------+--------+--------+--------+-----+--------+
         Total |  13367 |  12991 |    376 |   5892 |   4912 |  13 | 1028.2 |
       Dungeon |  12770 |  12441 |    329 |   5892 |   4396 |  10 | 1277.0 |
        Temple |    570 |    523 |     47 |      0 |    516 |   1 |  570.0 |
  Orcish Mines |     26 |     26 |      0 |      0 |      0 |   2 |   13.0 |
               +--------+--------+--------+--------+--------+-----+--------+

Top non-repeatable levels by time:
     D:6: 2245 daAuts
     D:4: 2107 daAuts
     D:5: 1658 daAuts
     D:9: 1553 daAuts
     D:3: 1470 daAuts
     D:8: 1147 daAuts
     D:2: 1071 daAuts
     D:7: 840 daAuts
     D:1: 639 daAuts
  Temple: 570 daAuts
    D:10: 36 daAuts
   Orc:2: 20 daAuts
   Orc:1: 5 daAuts
